 Dungeon Crawl Stone Soup version 0.31-a0-161-gb58dd9be76 (webtiles) character file.

Game seed: 5452549659309804185

238 senseless the Insei (level 5, -1/39 HPs)
             Began as a Demonspawn Transmuter on June 12, 2023.
             Slain by Edmund
             ... wielding a +6 flail of protection
              (14 damage)
             ... on level 4 of the Dungeon.
             The game lasted 00:08:18 (3189 turns).

senseless the Insei (Demonspawn Transmuter)         Turns: 3189, Time: 00:08:19

Health: -1/39      AC:  5    Str: 11    XL:     5   Next: 78%
Magic:  8/9        EV: 12    Int: 20    God:
Gold:   226        SH:  0    Dex: 15    Spells: 4/10 levels left

rFire   + .          .
                       - Unarmed
rCold   . . .        (no shield)
rNeg    . . .        c - +0 leather armour
rPois   .            e - melded +2 hat
rElec   .            (no cloak)
rCorr   .            (no gloves)
SInv    .            d - melded +2 pair of boots
Will    .....        (no amulet)
Stlth   +            j - ring of protection from fire
HPRegen 0.26/turn    k - +6 ring of intelligence
MPRegen 0.11/turn

%: no passive effects
@: appendages
A: horns 2, talons 2, icy blue scales 1, spiny 1
a: End Transformation


You were on level 4 of the Dungeon.
You had temporarily grown beastly horns and talons.
You visited 1 branch of the dungeon, and saw 4 of its levels.

You collected 226 gold pieces.

Inventory:

Hand Weapons
 r - a +1 short sword
Armour
 a - a +0 robe
 c - a +0 leather armour (worn)
 d - a +2 pair of boots (melded)
 e - a +2 hat (melded)
 g - a +2 plate armour of fire resistance
Jewellery
 j - a ring of protection from fire (left hand)
 k - a +6 ring of intelligence (right hand)
Scrolls
 f - a scroll of fear
 i - a scroll of vulnerability {unknown}
Potions
 b - a potion of lignification
 h - a potion of enlightenment {unknown}
 m - a potion of berserk rage
 p - a potion of mutation {unknown}


   Skills:
 + Level 2.5 Fighting
 + Level 3.0 Dodging
 + Level 3.5 Unarmed Combat
 + Level 3.0 Spellcasting
 + Level 2.9 Transmutations


You had 4 spell levels left.
You knew the following spells:

 Your Spells              Type           Power      Damage    Failure   Level
a - Beastly Appendage     Tmut           28%        N/A       5%          1
b - Wereblood             Tmut           14%        N/A       9%          2
c - Spider Form           Tmut/Pois      8%         N/A       30%         3

Your spell library contained the following spells:

 Spells                   Type           Power      Damage    Failure   Level
 Ice Form                 Ice/Tmut       8%         N/A       71%         4


Dungeon Overview and Level Annotations

Branches:
Dungeon (4/15)
 Temple: D:4-7

Altars:
Xom

Annotations:
D:4 Edmund


Innate Abilities, Weirdness & Mutations

You have temporarily grown beastly horns and talons.
You are partially covered in icy blue scales. (AC +2)
You are partially covered in sharp spines.


Message History

No target in view!
No target in view!
No target in view!
No target in view!
No target in view!
No target in view!
No target in view!
No target in view!
No target in view!
Your transformation is almost over.
A hobgoblin comes into view.
Found 15 gold pieces.
Your horns disappear.
Your talons disappear.
Your +2 hat unmelds from your body.
Your +2 pair of boots unmelds from your body.
A hobgoblin is nearby!
Edmund the Younger comes into view.
He is wielding a +6 flail of protection.
Edmund shouts!
The hobgoblin shouts!
You hear an angry hiss.
An adder comes into view.
You grow a pair of large bovine horns.
Your feet morph into talons.
Your +2 hat melds into your body.
Your +2 pair of boots melds into your body.
Edmund hits you with a +6 flail of protection.
The hobgoblin is struck by your spines.
You kill the hobgoblin!
You hit Edmund but do no damage.
Edmund hits you with a +6 flail of protection!
You hit Edmund but do no damage. You claw Edmund. You headbutt Edmund.
Edmund is lightly wounded.
Edmund hits you with a +6 flail of protection!
You hit Edmund but do no damage.
Edmund is lightly wounded.
Edmund hits you with a +6 flail of protection!
The adder is struck by your spines. The adder bites you but does no damage.
You are too injured to fight recklessly!
You hit the adder.
The adder is lightly wounded.
Edmund says, "People will remember me!
They'll remember me and die!"
Edmund hits you with a +6 flail of protection!
You die...

#### # #...#..
####### ##.......
#.....# #........
#..>..# #........
#.....# #@....$..
#.)..[###@S......
#.............#..
###............##
#........#.....#
#...........#..#
#####..........##.?#
##.............##
..# .#........#...##
..# ............###


You could see Edmund and an adder.

Vanquished Creatures
  A hound (D:4)
  2 orc priests (D:3)
  5 adders
  5 worms
  3 dart slugs
  4 orcs (D:3)
  7 endoplasms
  4 giant cockroaches
  6 goblins
  8 hobgoblins
  15 kobolds
  2 quokkas
  7 ball pythons
  8 bats
  2 frilled lizards
  4 rats
83 creatures vanquished.

Notes
Turn   | Place    | Note
-------+----------+-------------------------------------------
     0 | D:1      | senseless the Demonspawn Transmuter began the quest for the
                  | Orb.
     0 | D:1      | Reached XP level 1. HP: 15/15 MP: 3/3
   309 | D:1      | Gained mutation: You are partially covered in icy blue
                  | scales. (AC +2) [demonic ancestry]
   309 | D:1      | Reached XP level 2. HP: 21/21 MP: 3/5
   921 | D:1      | Gained mutation: You are partially covered in sharp spines.
                  | [demonic ancestry]
   921 | D:1      | Reached XP level 3. HP: 26/26 MP: 4/6
  1459 | D:2      | Reached XP level 4. HP: 33/33 MP: 5/7
  2258 | D:3      | Reached XP level 5. HP: 15/38 MP: 6/9
  2437 | D:3      | Found a shimmering altar of Xom.
  2987 | D:4      | Learned a level 2 spell: Wereblood
  2991 | D:4      | Learned a level 3 spell: Spider Form
  3183 | D:4      | Noticed Edmund
  3189 | D:4      | Slain by Edmund

Illustrated notes

Levels and vault maps discovered:
D:1:      dpeg_arrival_round_a, layout_loops_ring
D:2:      layout_basic
D:3:      layout_basic, mainiacjoe_overflow_boulevard
D:4:      layout_rooms, chequers_mini_garden, uniq_edmund

Skill      XL: |  1  2  3  4  5 |
---------------+----------------+-----
Dodging        | 2 3 |  3.0
Transmutations | 2 |  2.9
Unarmed Combat | 3 |  3.5
Fighting       | 2 |  2.5
Spellcasting   | 3 |  3.0

Action                     |  1- 3 |  4- 6 || total
---------------------------+-------+-------++-------
  Melee: Unarmed           |    94 |    68 ||   162
         Headbutt          |    17 |    18 ||    35
         Kick              |    16 |    27 ||    43
         Punch             |     1 |     1 ||     2
   Cast: Beastly Appendage |    29 |    25 ||    54
         Wereblood         |       |     1 ||     1
    Use: Scroll            |       |     8 ||     8
   Stab: Sleeping          |       |     1 ||     1
 Armour: Robe              |    27 |    16 ||    43
         Leather armour    |       |     4 ||     4
  Dodge: Dodged            |    68 |    24 ||    92

Table legend: (Time is in decaauts)
 A = Elapsed time spent in this place.
 B = Non-inter-level travel time spent in this place.
 C = Inter-level travel time spent in this place.
 D = Time resting spent in this place.
 E = Time spent auto-exploring this place.
 F = Levels seen in this place.
 G = Mean time per level.
                   A        B        C        D        E       F      G
               +--------+--------+--------+--------+--------+-----+--------+
         Total |   3178 |   3044 |    134 |     64 |   2474 |   4 |  794.5 |
       Dungeon |   3178 |   3044 |    134 |     64 |   2474 |   4 |  794.5 |
               +--------+--------+--------+--------+--------+-----+--------+

Top non-repeatable levels by time:
     D:1: 1032 daAuts
     D:3: 1004 daAuts
     D:2: 984 daAuts
     D:4: 157 daAuts
